[Event "Titled Tuesday Blitz April 4 Early 2023"]
[White "Staudenhocker43"]
[Black "Tsotsonava, Elene"]
[BlackFideId "13615939"]
[WhiteElo "2568"]
[BlackElo "1829"]
[Result "0-1"]
[Round "01"]
[TimeControl "180+2"]
[Date "2023.04.04"]
[WhiteClock "0:00:20"]
[BlackClock "0:00:06"]

1. d4 Nf6 2. c4 e6 3. Nf3 b6 4. g3 Bb7 5. Bg2 Be7 6. O-O O-O 7. d5 exd5 8. Nh4 c6 9. cxd5 Nxd5 10. Nf5 Bf6 11. e4 Nc7 12. Nd6 Ba6 13. Re1 Ne8 14. e5 Nxd6 15. exf6 Qxf6 16. Nc3 Nf5 17. Ne4 Qg6 18. h4 d5 19. h5 Qe6 20. Nc3 Qf6 21. Nxd5 cxd5 22. Qxd5 Nd7 23. Qxd7 Rad8 24. Qxa7 Bd3 25. Bf4 Qxb2 26. Bc7 Rd7 27. Qxb6 Qc2 28. Rec1 Qe2 29. Bf4 Qxh5 30. Qc6 Nd4 31. Qxd7 Ne2+ 32. Kf1 Nxf4+ 33. Kg1 Ne2+ 34. Kf1 Nxc1+ 35. Kg1 Ne2+ 36. Kf1 Nxg3+ 37. Kg1 Ne2+ 38. Kf1 Nf4+ 39. Kg1 Nxg2 40. Qxd3 Nf4 41. Qe4 Qg4+ 42. Kh2 Qh3+ 43. Kg1 Qg4+ 44. Kh2 Qh5+ 45. Kg3 Ne2+ 46. Kg2 f5 47. Qf3 Qxf3+ 48. Kxf3 Nd4+ 49. Ke3 Nc2+ 0-1


[Site "https://www.chess.com"]

[Event "Titled Tuesday Blitz April 4 Early 2023"]
[White "Thiel, Thomas"]
[Black "Janaszak, Dawid"]
[WhiteFideId "4615964"]
[BlackFideId "1119206"]
[WhiteElo "2223"]
[BlackElo "2220"]
[Result "0-1"]
[Round "01"]
[TimeControl "180+2"]
[Date "2023.04.04"]
[WhiteClock "0:00:07"]
[BlackClock "0:00:42"]

1. e4 c5 2. Nc3 e6 3. Nge2 a6 4. g3 b5 5. Bg2 Bb7 6. d4 cxd4 7. Nxd4 d6 8. O-O Be7 9. Re1 Qc7 10. a4 b4 11. Nd5 exd5 12. exd5 Kf8 13. Nc6 Nxc6 14. dxc6 Bxc6 15. Be3 Bxg2 16. Kxg2 Qc6+ 17. Kg1 Bf6 18. Bf4 Be5 19. Qd2 Bxf4 20. Qxf4 Nf6 21. Rad1 Re8 22. Qxb4 Rxe1+ 23. Rxe1 g6 24. Rd1 Qc5 25. Qf4 Ne8 26. Rd3 Kg7 27. Rc3 Qe5 28. Qc4 Nf6 29. Qxa6 h5 30. Qd3 h4 31. Rc6 hxg3 32. fxg3 d5 33. a5 Qxb2 34. a6 Re8 35. a7 Qa1+ 36. Kg2 Qxa7 37. Qc3 d4 38. Qf3 Re6 0-1


[Site "https://www.chess.com"]

[Event "Titled Tuesday Blitz April 4 Early 2023"]
[White "Manukyan, Sargis V."]
[Black "Putri, Regita Desyari"]
[WhiteFideId "13303465"]
[BlackFideId "7109083"]
[WhiteElo "2236"]
[BlackElo "1930"]
[Result "0-1"]
[Round "01"]
[TimeControl "180+2"]
[Date "2023.04.04"]
[WhiteClock "0:01:28"]
[BlackClock "0:00:06"]

1. Nc3 d5 2. d4 Nf6 3. Bf4 e6 4. e3 Bd6 5. Nge2 O-O 6. g4 b6 7. g5 Ne4 8. Nxe4 dxe4 9. Bg2 Bb7 10. h4 Nd7 11. c3 e5 12. Bg3 Qe7 13. Qc2 Rad8 14. Bxe4 Bxe4 15. Qxe4 Rfe8 16. O-O-O exd4 17. Qxe7 Rxe7 18. cxd4 Nf8 19. Kb1 Red7 20. Rc1 Ne6 21. Bxd6 Rxd6 22. Rc4 c5 23. Rd1 b5 24. Rc2 g6 25. Rcd2 c4 26. e4 a5 27. d5 Nc5 28. f3 Nd3 29. Nc1 Ne5 30. Rf2 f6 31. f4 Ng4 32. Rf3 f5 33. exf5 gxf5 34. Ne2 Rxd5 35. Rxd5 Rxd5 36. Nc3 Rc5 37. Rf1 Kf7 38. Rd1 Kg6 39. Rd6+ Kh5 40. Rd7 h6 41. Nd5 Kxh4 42. g6 Rc8 43. Ne7 Re8 44. g7 Nf6 45. Rd6 Ng8 46. Rxh6+ Nxh6 47. Ng6+ Kg4 48. a4 Rg8 49. axb5 Rxg7 50. Ne5+ Kxf4 51. Nxc4 Ke4 52. b6 f4 53. b7 Rxb7 54. Nd6+ Ke3 55. Nxb7 f3 56. Nd6 f2 57. Nf5+ Nxf5 0-1


[Site "https://www.chess.com"]

[Event "Titled Tuesday Blitz April 4 Early 2023"]
[White "rionelG"]
[Black "Fiorito, Joaquin"]
[BlackFideId "180173"]
[WhiteElo "2207"]
[BlackElo "2157"]
[Result "0-1"]
[Round "01"]
[TimeControl "180+2"]
[Date "2023.04.04"]
[WhiteClock "0:00:02"]
[BlackClock "0:00:18"]

1. e4 c6 2. d4 d5 3. e5 Bf5 4. Nf3 e6 5. Be2 c5 6. Be3 cxd4 7. Nxd4 Ne7 8. O-O Nbc6 9. c4 a6 10. cxd5 Nxd5 11. Nxf5 exf5 12. Nc3 Nxe3 13. fxe3 Bc5 14. Kh1 O-O 15. Rxf5 Bxe3 16. Qf1 Bd4 17. e6 fxe6 18. Rxf8+ Qxf8 19. Bc4 Kh8 20. Bxe6 Ne5 21. Qxf8+ Rxf8 22. h3 Nd3 23. Bd5 b5 24. Ne2 Bxb2 25. Rb1 Be5 26. Bb7 Nc5 27. Bf3 g6 28. Rd1 Na4 29. Rd5 Bc3 30. Nxc3 Nxc3 31. Rd6 a5 32. Ra6 a4 33. Bc6 Rb8 34. Kg1 Nxa2 0-1


[Site "https://www.chess.com"]

[Event "Titled Tuesday Blitz April 4 Early 2023"]
[White "Castellanos Villela, Alejandro"]
[Black "Pappelis, Dimitrios"]
[WhiteFideId "3446379"]
[BlackFideId "4215281"]
[WhiteElo "2103"]
[BlackElo "2104"]
[Result "1-0"]
[Round "01"]
[TimeControl "180+2"]
[Date "2023.04.04"]
[WhiteClock "0:01:44"]
[BlackClock "0:00:06"]

1. e4 e5 2. Nc3 Nf6 3. Nf3 Nc6 4. Bb5 Bb4 5. O-O O-O 6. d3 d6 7. Bg5 Bxc3 8. bxc3 h6 9. Bh4 Be6 10. Re1 g5 11. Nxg5 hxg5 12. Bxg5 Kg7 13. Bxc6 bxc6 14. Qf3 Rh8 15. Re3 Qe7 16. h4 Rag8 17. Rb1 Bg4 18. Bxf6+ Qxf6 19. Qxg4+ Qg6 20. Qxg6+ Kxg6 21. Rg3+ Kf6 22. Rxg8 Rxg8 23. Rb7 a5 24. Rxc7 Rb8 25. Rxc6 Ke6 26. Ra6 Rb2 27. Rxa5 Rxc2 28. Ra3 Rd2 29. c4 f5 30. f3 f4 31. Kh2 Kf6 32. Kh3 Kg6 33. Ra6 Rxd3 34. c5 Kh5 35. cxd6 1-0


[Site "https://www.chess.com"]

[Event "Titled Tuesday Blitz April 4 Early 2023"]
[White "Dahlgren, James Allen"]
[Black "Lymar, Vladislav"]
[WhiteFideId "22256873"]
[BlackFideId "14162180"]
[WhiteElo "2205"]
[BlackElo "2234"]
[Result "0-1"]
[Round "01"]
[TimeControl "180+2"]
[Date "2023.04.04"]
[WhiteClock "0:00:19"]
[BlackClock "0:00:56"]

1. e4 c5 2. c4 g6 3. Nc3 Nc6 4. g3 Bg7 5. Bg2 d6 6. Nge2 e5 7. O-O Nge7 8. f4 O-O 9. d3 Nd4 10. Nxd4 cxd4 11. Nd5 Nxd5 12. cxd5 f5 13. b4 Bd7 14. a4 Rc8 15. Bd2 Qb6 16. Qb3 fxe4 17. Bxe4 Bh3 18. Rfc1 Bh6 19. b5 Rxc1+ 20. Rxc1 exf4 21. a5 Qd8 22. b6 a6 23. Qc2 Qf6 24. Qc7 fxg3 25. Bxh6 Qf1+ 26. Rxf1 Rxf1# 0-1


[Site "https://www.chess.com"]

[Event "Titled Tuesday Blitz April 4 Early 2023"]
[White "Grunberg, Mihai-Lucian"]
[Black "lluiss"]
[WhiteFideId "1204149"]
[WhiteElo "2363"]
[BlackElo "2204"]
[Result "1-0"]
[Round "01"]
[TimeControl "180+2"]
[Date "2023.04.04"]
[WhiteClock "0:00:59"]
[BlackClock "0:00:28"]

1. Nf3 Nf6 2. b3 g6 3. Bb2 Bg7 4. c4 O-O 5. g3 d6 6. Bg2 e5 7. O-O Nbd7 8. Nc3 Re8 9. d4 e4 10. Ng5 e3 11. f4 h6 12. Nf3 c5 13. Qc2 cxd4 14. Nxd4 Nc5 15. Rad1 Rb8 16. Ndb5 Nfe4 17. Nxe4 Nxe4 18. Bxg7 Nf2 19. Bxh6 Nxd1 20. Rxd1 Kh7 21. Rxd6 Qa5 22. Qc3 Qxc3 23. Nxc3 Kxh6 24. Nd5 Be6 25. Nxe3 Red8 26. Rxd8 Rxd8 27. Nd5 Bxd5 28. Bxd5 Kg7 29. Kf2 b6 30. e4 f6 31. Ke3 Kf8 32. Kd4 Ke7 33. h4 Rh8 34. b4 g5 35. hxg5 fxg5 36. f5 Rh3 37. e5 Rxg3 38. f6+ Ke8 39. e6 Rg4+ 40. Ke5 Rg1 41. Bc6+ 1-0


[Site "https://www.chess.com"]

[Event "Titled Tuesday Blitz April 4 Early 2023"]
[White "Mikhaylova, Irina"]
[Black "Demin, Vladimir"]
[WhiteFideId "4109040"]
[BlackFideId "4167457"]
[WhiteElo "1975"]
[BlackElo "2559"]
[Result "1/2-1/2"]
[Round "01"]
[TimeControl "180+2"]
[Date "2023.04.04"]
[WhiteClock "0:00:24"]
[BlackClock "0:00:17"]

1. d4 d5 2. Nf3 Nf6 3. c4 e6 4. Nc3 c5 5. cxd5 cxd4 6. Nxd4 Nxd5 7. Bd2 Be7 8. e4 Nxc3 9. Bxc3 O-O 10. Be2 Bd7 11. O-O Nc6 12. Nxc6 Bxc6 13. Qxd8 Rfxd8 14. f3 Bc5+ 15. Kh1 f6 16. Rfd1 Kf7 17. Rxd8 Rxd8 18. Rd1 Rxd1+ 19. Bxd1 Bb5 20. g3 Bf1 21. f4 Ke7 22. Bf3 b5 23. a3 Kd7 24. h4 Bb6 25. Kh2 a5 26. g4 a4 27. Kg3 Be3 28. e5 Ke7 29. exf6+ gxf6 30. g5 f5 31. h5 Kf7 32. Be5 Bc4 33. Bc6 Bc5 34. Bc3 Be3 35. Bf3 Bc5 36. Bc6 Be3 37. Bf3 Bc5 38. Bc6 1/2-1/2


[Site "https://www.chess.com"]

[Event "Titled Tuesday Blitz April 4 Early 2023"]
[White "Ordekalog"]
[Black "Ciuffoletti, Paolo"]
[BlackFideId "807630"]
[WhiteElo "2551"]
[BlackElo "2143"]
[Result "1-0"]
[Round "01"]
[TimeControl "180+2"]
[Date "2023.04.04"]
[WhiteClock "0:00:09"]
[BlackClock "0:00:03"]

1. e4 c5 2. Nc3 Nc6 3. g3 g6 4. Bg2 Bg7 5. d3 d6 6. Be3 e6 7. Qd2 Nd4 8. Nd1 Ne7 9. c3 Ndc6 10. Bh6 Bf6 11. h4 Ng8 12. Be3 h5 13. Nh3 b5 14. e5 Nxe5 15. Bxa8 c4 16. dxc4 bxc4 17. Be4 d5 18. f4 Ng4 19. Bf3 Nxe3 20. Nxe3 Nh6 21. Ng5 O-O 22. Rd1 Bd7 23. Nxc4 Bb5 24. Ne5 Nf5 25. Qf2 Qa5 26. b4 Qa3 27. Qd2 Rc8 28. Kf2 Rxc3 29. Rc1 Re3 30. Rhe1 Rxe1 31. Rxe1 Bxe5 32. fxe5 1-0


[Site "https://www.chess.com"]

[Event "Titled Tuesday Blitz April 4 Early 2023"]
[White "Rosenberg, Evan S"]
[Black "The_Sherman_Variation"]
[WhiteFideId "2019299"]
[WhiteElo "2188"]
[BlackElo "2551"]
[Result "0-1"]
[Round "01"]
[TimeControl "180+2"]
[Date "2023.04.04"]
[WhiteClock "0:00:01"]
[BlackClock "0:01:34"]

1. d4 Nf6 2. Nf3 g6 3. Nc3 Bg7 4. e4 d6 5. Be2 b6 6. e5 Nfd7 7. e6 fxe6 8. Ng5 Nf6 9. Bf3 d5 10. Qe2 Qd7 11. h4 h6 12. Nh3 Ba6 13. Qe3 Nc6 14. a3 e5 15. dxe5 d4 16. Qf4 dxc3 17. exf6 Bxf6 18. Qa4 Bb7 19. Be3 cxb2 20. Rb1 O-O-O 21. O-O Kb8 22. Rfd1 Qe6 0-1


[Site "https://www.chess.com"]

[Event "Titled Tuesday Blitz April 4 Early 2023"]
[White "Horak, Martin"]
[Black "Arcos Facio, Mateo"]
[WhiteFideId "367095"]
[BlackFideId "3001199"]
[WhiteElo "2091"]
[BlackElo "2156"]
[Result "1-0"]
[Round "01"]
[TimeControl "180+2"]
[Date "2023.04.04"]
[WhiteClock "0:00:08"]
[BlackClock "0:00:02"]

1. d4 g6 2. e4 Bg7 3. Nf3 d6 4. Bc4 a6 5. a4 e6 6. Bb3 b6 7. O-O Bb7 8. Qe2 Nd7 9. c3 Ne7 10. Nbd2 h6 11. Re1 O-O 12. h4 e5 13. d5 f5 14. h5 f4 15. Nh2 Nf6 16. hxg6 Nxg6 17. Ng4 Bc8 18. Nxf6+ Rxf6 19. Qh5 Bd7 20. Bd1 Be8 21. Bg4 Nf8 22. Qh3 h5 23. Bf5 Qe7 24. Nf3 Rxf5 25. Qxf5 Bg6 26. Qh3 Nh7 27. g3 fxg3 28. fxg3 Rf8 29. Qg2 Nf6 30. Bg5 Qd7 31. Bxf6 Rxf6 32. Nh4 Bh6 33. Rf1 Be3+ 34. Kh2 Rxf1 35. Rxf1 Qg4 36. Nxg6 Qxg6 37. Qf3 Bc5 38. Qf5 Qxf5 39. Rxf5 h4 40. gxh4 Kg7 41. Kh3 1-0


[Site "https://www.chess.com"]

[Event "Titled Tuesday Blitz April 4 Early 2023"]
[White "Larina, Maria"]
[Black "Drori, Saar"]
[WhiteFideId "24113182"]
[BlackFideId "2812444"]
[WhiteElo "1848"]
[BlackElo "2322"]
[Result "0-1"]
[Round "01"]
[TimeControl "180+2"]
[Date "2023.04.04"]
[WhiteClock "0:00:07"]
[BlackClock "0:00:09"]

1. e4 c5 2. Nc3 d6 3. d4 cxd4 4. Qxd4 Nc6 5. Qd2 g6 6. b3 Bg7 7. Bb2 Nf6 8. O-O-O O-O 9. f3 Bd7 10. g4 Rc8 11. h4 Nb4 12. Nge2 b5 13. h5 Nxc2 14. Kxc2 b4 15. hxg6 hxg6 16. Kb1 bxc3 17. Nxc3 Re8 18. Qh2 Be6 19. Bb5 Bd7 20. Bxd7 Qxd7 21. Nd5 Qc6 22. Bxf6 exf6 23. Rc1 Qd7 24. Qh7+ Kf8 25. Rcg1 Qb5 26. Rg2 Qd3+ 27. Ka1 f5+ 28. Rb2 Rc2 29. Rb1 Rxb2 30. Rxb2 Qd1# 0-1


[Site "https://www.chess.com"]

[Event "Titled Tuesday Blitz April 4 Early 2023"]
[White "Orlov, Georgi"]
[Black "Barria Santos, Jose Guilherme"]
[WhiteFideId "2011271"]
[BlackFideId "1939300"]
[WhiteElo "2545"]
[BlackElo "2266"]
[Result "1-0"]
[Round "01"]
[TimeControl "180+2"]
[Date "2023.04.04"]
[WhiteClock "0:00:56"]
[BlackClock "0:01:23"]

1. e4 c5 2. Nf3 d6 3. d4 cxd4 4. Nxd4 Nf6 5. Nc3 a6 6. Be2 e5 7. Nb3 Be7 8. Bg5 O-O 9. Bxf6 Bxf6 10. Qd3 Nc6 11. O-O-O Be7 12. Nd5 Bg5+ 13. Kb1 b5 14. g3 Be6 15. f4 Bh6 16. f5 Bxd5 17. Qxd5 Rc8 18. c3 Qb6 19. Qxd6 Rfd8 20. Qc5 Qb7 21. Rxd8+ Rxd8 22. Rd1 Rc8 23. f6 gxf6 24. Bg4 Bf8 25. Bxc8 Qxc8 26. Qd5 b4 27. Qd7 Qa8 28. Qd5 Qb7 29. c4 a5 30. Qb5 Qa8 31. Rd7 a4 32. Qd5 axb3 33. Qxf7+ 1-0


[Site "https://www.chess.com"]

[Event "Titled Tuesday Blitz April 4 Early 2023"]
[White "Aponte Ramos, Argimiro"]
[Black "Tomaszewski, Kacper"]
[WhiteFideId "3900568"]
[BlackFideId "1127373"]
[WhiteElo "2216"]
[BlackElo "2211"]
[Result "0-1"]
[Round "01"]
[TimeControl "180+2"]
[Date "2023.04.04"]
[WhiteClock "0:00:20"]
[BlackClock "0:00:44"]

1. e4 c5 2. Nf3 a6 3. c3 e6 4. d4 d5 5. e5 Bd7 6. Bd3 Bb5 7. O-O Bxd3 8. Qxd3 Nc6 9. a3 c4 10. Qe2 Na5 11. Nbd2 Ne7 12. Re1 Nec6 13. Nf1 Nb3 14. Rb1 b5 15. Bg5 Qb6 16. h4 a5 17. h5 h6 18. Bf4 b4 19. axb4 axb4 20. N3d2 Nca5 21. Qg4 Kd7 22. Be3 Nxd2 23. Nxd2 Nc6 24. f4 Ne7 25. Qf3 Ra6 26. g4 g6 27. hxg6 fxg6 28. Ra1 b3 29. Nf1 h5 30. Ng3 hxg4 31. Qxg4 Bg7 32. Rxa6 Qxa6 33. Kg2 Qa2 34. Bc1 Qb1 35. Qe2 Nf5 36. Nxf5 gxf5 37. Qe3 Bf8 38. Rh1 Qc2+ 39. Kf3 Rxh1 0-1


[Site "https://www.chess.com"]

[Event "Titled Tuesday Blitz April 4 Early 2023"]
[White "Sharapov, Evgeny"]
[Black "Samarth, J Rao"]
[WhiteFideId "14103133"]
[BlackFideId "46652370"]
[WhiteElo "2367"]
[BlackElo "1564"]
[Result "1-0"]
[Round "01"]
[TimeControl "180+2"]
[Date "2023.04.04"]
[WhiteClock "0:02:51"]
[BlackClock "0:01:27"]

1. e4 c5 2. Nf3 d6 3. d4 cxd4 4. Nxd4 Nf6 5. f3 e5 6. Nb3 d5 7. Bg5 Be6 8. Bxf6 gxf6 9. exd5 Qxd5 10. Qxd5 Bxd5 11. Nc3 Bb4 12. O-O-O Bc6 13. Nd5 Bxd5 14. Rxd5 Ke7 15. Rb5 1-0


[Site "https://www.chess.com"]

[Event "Titled Tuesday Blitz April 4 Early 2023"]
[White "Tuleyeva-Aketayeva, Dana"]
[Black "TimGrutter03"]
[WhiteFideId "13701932"]
[WhiteElo "2030"]
[BlackElo "2543"]
[Result "0-1"]
[Round "01"]
[TimeControl "180+2"]
[Date "2023.04.04"]
[WhiteClock "0:00:22"]
[BlackClock "0:01:17"]

1. d4 Nf6 2. Nf3 c5 3. c3 cxd4 4. cxd4 g6 5. g3 Bg7 6. Bg2 O-O 7. O-O d6 8. Nc3 Nc6 9. h3 Bd7 10. e4 Ne8 11. Be3 Rc8 12. d5 Na5 13. Bd4 Nc4 14. b3 Ne5 15. Bxe5 dxe5 16. Rc1 Nd6 17. Qd2 Qa5 18. Nb1 Qxd2 19. Nfxd2 Bb5 20. Rfe1 Bh6 21. Na3 Bxd2 22. Nxb5 Rxc1 23. Rxc1 Bxc1 0-1


[Site "https://www.chess.com"]

[Event "Titled Tuesday Blitz April 4 Early 2023"]
[White "Filgueira, Hernan"]
[Black "dDobravcan"]
[WhiteFideId "101770"]
[WhiteElo "2363"]
[BlackElo "2151"]
[Result "1-0"]
[Round "01"]
[TimeControl "180+2"]
[Date "2023.04.04"]
[WhiteClock "0:01:30"]
[BlackClock "0:00:59"]

1. c4 e5 2. Nc3 d6 3. Nf3 f5 4. d4 e4 5. Ng5 Be7 6. Nh3 c6 7. g3 Na6 8. Bg2 Nf6 9. O-O O-O 10. d5 Nc7 11. f3 cxd5 12. cxd5 exf3 13. Bxf3 Ng4 14. Kh1 Ne5 15. Bg2 Bf6 16. Nf4 Kh8 17. Nh5 Bg5 18. e4 Bxc1 19. Qxc1 fxe4 20. Rxf8+ Qxf8 21. Bxe4 Bg4 22. Nf4 Re8 23. h4 Qf6 24. Qe3 g5 25. hxg5 Qxg5 26. Ng6+ Qxg6 27. Bxg6 Bf3+ 28. Kg1 Rf8 29. Bc2 Bg4 30. Qh6 Rf7 31. Bxh7 1-0


[Site "https://www.chess.com"]

[Event "Titled Tuesday Blitz April 4 Early 2023"]
[White "Yonal, Timur"]
[Black "Omelja, Artem"]
[WhiteFideId "44115725"]
[BlackFideId "14119846"]
[WhiteElo "1966"]
[BlackElo "2404"]
[Result "0-1"]
[Round "01"]
[TimeControl "180+2"]
[Date "2023.04.04"]
[WhiteClock "0:00:31"]
[BlackClock "0:01:04"]

1. e4 e5 2. Nf3 Nc6 3. Bb5 a6 4. Ba4 Nf6 5. d3 b5 6. Bb3 Be7 7. O-O O-O 8. c3 d6 9. Re1 Bg4 10. Nbd2 d5 11. h3 Bh5 12. g4 dxe4 13. dxe4 Bg6 14. Nh4 Na5 15. Nxg6 hxg6 16. Bc2 c5 17. Nf3 Qc7 18. Qe2 Rfd8 19. Kg2 c4 20. Bg5 Nb7 21. Kg3 Nc5 22. Rad1 Ne8 23. h4 Bxg5 24. hxg5 Rxd1 25. Rxd1 Rd8 26. Rh1 Nd3 27. Bxd3 Rxd3 28. Qf1 Nd6 29. Qh3 Nxe4+ 30. Kg2 Kf8 31. Qh8+ Ke7 32. Qxg7 Rxf3 33. Rg1 Rxf2+ 34. Kh3 Nxg5+ 35. Kh4 Ne6 36. g5 Nxg7 0-1


[Site "https://www.chess.com"]

[Event "Titled Tuesday Blitz April 4 Early 2023"]
[White "Budrewicz, Krzysztof"]
[Black "Baruch, Liam"]
[WhiteFideId "1127950"]
[BlackFideId "14322064"]
[WhiteElo "2230"]
[BlackElo "2146"]
[Result "1-0"]
[Round "01"]
[TimeControl "180+2"]
[Date "2023.04.04"]
[WhiteClock "0:00:53"]
[BlackClock "0:00:19"]

1. d4 d5 2. c4 e6 3. Nc3 Nf6 4. Nf3 Be7 5. Bf4 O-O 6. e3 b6 7. cxd5 Nxd5 8. Nxd5 exd5 9. a3 Be6 10. Rc1 c5 11. Be2 c4 12. O-O Nc6 13. Ne5 Nxe5 14. dxe5 Rc8 15. Qd2 Qd7 16. Rfd1 Rfd8 17. Bg3 Bc5 18. Kh1 h6 19. f4 Qc6 20. Bf3 b5 21. Bf2 Qb6 22. g4 d4 23. exd4 Bd5 24. Bxd5 Rxd5 25. dxc5 Rxd2 26. cxb6 Rxf2 27. b7 Rb8 28. Rd7 Rxb2 29. Rc7 Rd2 30. f5 c3 31. R1xc3 Rdd8 32. Rc8 Kf8 33. Rxd8+ Rxd8 34. Rc8 Ke8 35. b8=Q 1-0


[Site "https://www.chess.com"]

[Event "Titled Tuesday Blitz April 4 Early 2023"]
[White "Kornyukov, Alexey"]
[Black "Escanor89"]
[WhiteFideId "4150457"]
[WhiteElo "2352"]
[BlackElo "2539"]
[Result "0-1"]
[Round "01"]
[TimeControl "180+2"]
[Date "2023.04.04"]
[WhiteClock "0:02:09"]
[BlackClock "0:01:52"]

1. e4 c5 2. Nf3 e6 3. c3 d5 4. exd5 Qxd5 5. d4 Nf6 6. Be2 Nc6 7. O-O cxd4 8. cxd4 Be7 9. Nc3 Qd8 10. Be3 O-O 11. Bd3 b6 12. Ne5 Bb7 13. Rc1 Nb4 14. a3 Nxd3 15. Nxd3 Rc8 16. Ne5 Nd5 17. Nxd5 Qxd5 18. f3 Rxc1 19. Qxc1 Rc8 20. Qd2 Qb5 21. Rc1 Qe8 22. Rxc8 Qxc8 23. Qc3 Qxc3 24. bxc3 Bxa3 25. c4 f6 26. Nd3 Ba6 0-1


[Site "https://www.chess.com"]

[Event "Titled Tuesday Blitz April 4 Early 2023"]
[White "Rodchenkov, Sergey D."]
[Black "Vargas Rodriguez, Wilver"]
[WhiteFideId "4168712"]
[BlackFideId "3509672"]
[WhiteElo "2277"]
[BlackElo "2224"]
[Result "1-0"]
[Round "01"]
[TimeControl "180+2"]
[Date "2023.04.04"]
[WhiteClock "0:01:02"]
[BlackClock "0:00:01"]

1. e4 c5 2. Nf3 d6 3. d4 cxd4 4. Nxd4 Nf6 5. Nc3 a6 6. Bg5 e6 7. f4 Be7 8. Qf3 Qc7 9. O-O-O Nbd7 10. g4 b5 11. Bxf6 Nxf6 12. g5 Nd7 13. f5 Ne5 14. Qg3 b4 15. Nce2 Bd7 16. Nf4 Rc8 17. Qg2 Bxg5 18. Qxg5 Nf3 19. Qg2 Nxd4 20. Rxd4 Qc5 21. Rd2 Qe5 22. Nd3 Qa5 23. Kb1 O-O 24. Rg1 g6 25. h4 exf5 26. h5 fxe4 27. Nf4 Qf5 28. Rf2 e3 29. Nxg6 Qxf2 30. Ne7+ Kh8 31. Qg7# 1-0


[Site "https://www.chess.com"]

[Event "Titled Tuesday Blitz April 4 Early 2023"]
[White "Acikel, Mert"]
[Black "Degenbaev, Aziz"]
[WhiteFideId "12956465"]
[BlackFideId "13802640"]
[WhiteElo "2097"]
[BlackElo "2152"]
[Result "1-0"]
[Round "01"]
[TimeControl "180+2"]
[Date "2023.04.04"]
[WhiteClock "0:00:06"]
[BlackClock "0:00:02"]

1. e4 c5 2. Nf3 d6 3. Bb5+ Nd7 4. Ba4 Nf6 5. O-O e6 6. Re1 Be7 7. c3 O-O 8. d4 cxd4 9. cxd4 a6 10. Bb3 b5 11. Nc3 Bb7 12. a3 Nb6 13. Bf4 Rc8 14. h3 d5 15. e5 Ne4 16. Rc1 Nxc3 17. Rxc3 Rxc3 18. bxc3 Bxa3 19. Bc2 Be7 20. h4 Re8 21. h5 Nd7 22. Qd3 Nf8 23. g4 h6 24. Kg2 Bc8 25. Ra1 b4 26. Bd2 bxc3 27. Bxc3 f5 28. exf6 Bxf6 29. Ba5 Qd7 30. Ba4 Qf7 31. Bxe8 Qxe8 32. Re1 e5 33. Nxe5 Bxe5 34. Rxe5 Qf7 35. Qf3 Qxf3+ 36. Kxf3 Kf7 37. Ke3 Bxg4 38. Rxd5 Ne6 39. Rd6 Bxh5 40. Rxa6 Bg4 41. d5 Nc5 42. Rc6 Nd7 43. Kf4 h5 44. f3 Bh3 45. Kg5 Nf6 46. d6 Nd5 47. Rc7+ Ke6 48. d7 Ke7 49. Ra7 1-0


[Site "https://www.chess.com"]

[Event "Titled Tuesday Blitz April 4 Early 2023"]
[White "Rangel, Daniel"]
[Black "Matute Escobar, Roxanny"]
[WhiteFideId "2124475"]
[BlackFideId "3926028"]
[WhiteElo "2256"]
[BlackElo "1844"]
[Result "0-1"]
[Round "01"]
[TimeControl "180+2"]
[Date "2023.04.04"]
[WhiteClock "0:00:14"]
[BlackClock "0:00:18"]

1. e4 c5 2. Nf3 d6 3. b3 Nf6 4. Nc3 Nc6 5. Bb2 g6 6. d4 cxd4 7. Nxd4 Bg7 8. Bb5 Bd7 9. Nxc6 bxc6 10. Bd3 O-O 11. Qe2 Rb8 12. O-O-O Qa5 13. Kb1 Ng4 14. Na4 Ne5 15. h4 c5 16. Bc3 Qxa4 17. h5 c4 18. hxg6 fxg6 19. Bxc4+ Qxc4 20. Qd2 Nf3 21. gxf3 Qxc3 22. Qxc3 Bxc3 23. Rd3 Be5 24. c4 a5 25. Kc2 a4 26. Rb1 axb3+ 27. axb3 Kg7 28. b4 Be6 29. Kb3 Rfc8 30. Rc1 d5 31. exd5 Bf5 32. Re3 Bd6 33. b5 Kf6 34. Rce1 Ra8 35. Rc1 Ra3+ 36. Kb2 Ra4 37. Kb3 Rb4+ 38. Kc3 Rcxc4+ 39. Kd2 Rb2+ 40. Kd1 Rxc1+ 41. Kxc1 Rxb5 42. Kd1 Rxd5+ 43. Ke2 Re5 44. Kf1 Rxe3 45. fxe3 Bc5 46. Kf2 Ke5 47. Ke2 Be6 48. Kd3 Kf5 49. Ke2 g5 50. Kf2 h5 51. Ke2 g4 52. f4 Ke4 53. Kf2 Bxe3+ 54. Kg3 Bxf4+ 55. Kh4 g3 56. Kxh5 g2 57. Kg6 g1=Q+ 58. Kh7 Qg5 59. Kh8 Be5+ 60. Kh7 Qg7# 0-1


[Site "https://www.chess.com"]

[Event "Titled Tuesday Blitz April 4 Early 2023"]
[White "Atzl, Florian"]
[Black "Ahn, Hongjin"]
[WhiteFideId "1635891"]
[BlackFideId "13201492"]
[WhiteElo "2023"]
[BlackElo "2182"]
[Result "0-1"]
[Round "01"]
[TimeControl "180+2"]
[Date "2023.04.04"]
[WhiteClock "0:00:10"]
[BlackClock "0:00:46"]

1. e4 c5 2. Nf3 Nc6 3. d4 cxd4 4. Nxd4 Nf6 5. Nc3 h5 6. Bg5 Qa5 7. Bxf6 gxf6 8. Be2 h4 9. h3 d6 10. O-O Rg8 11. Kh1 Bd7 12. Nd5 Bg7 13. c3 a6 14. b4 Qd8 15. Rc1 e6 16. Ne3 Qc7 17. b5 Ne7 18. Nc4 d5 19. b6 Qb8 20. Ne3 dxe4 21. Qb3 f5 22. Rfd1 Qf4 23. Rf1 Be5 24. g3 hxg3 25. Ng2 Qh6 26. h4 f4 27. Bg4 Rxg4 0-1


[Site "https://www.chess.com"]

[Event "Titled Tuesday Blitz April 4 Early 2023"]
[White "Buksa, Nataliya"]
[Black "Pirvulescu, Ekaterina"]
[WhiteFideId "14123622"]
[BlackFideId "13506374"]
[WhiteElo "2316"]
[BlackElo "2006"]
[Result "1-0"]
[Round "01"]
[TimeControl "180+2"]
[Date "2023.04.04"]
[WhiteClock "0:00:18"]
[BlackClock "0:00:02"]

1. d4 d6 2. Nc3 g6 3. e4 Bg7 4. Be3 a6 5. a4 Nf6 6. h4 h5 7. f3 O-O 8. Nh3 Nbd7 9. Bc4 c5 10. Ng5 cxd4 11. Bxd4 Ne5 12. Bxe5 dxe5 13. Qxd8 Rxd8 14. Nxf7 Rd4 15. Nxe5+ Kh7 16. Bf7 Nxe4 17. Bxg6+ Kh6 18. Bxe4 Bxe5 19. Ke2 Rb8 20. Rad1 Be6 21. b3 Rxd1 22. Nxd1 b5 23. axb5 axb5 24. Ne3 Rd8 25. g4 Bc3 26. g5+ Kg7 27. Bd3 b4 28. f4 Bc8 29. f5 Rd4 30. Rh2 Kf8 31. Nf1 Rf4 32. Ng3 Bb7 33. Ke3 Rf3+ 34. Ke2 Rxg3 35. Rf2 Rh3 36. Rf4 Rh2+ 37. Kf1 Rh1+ 38. Kf2 Be1+ 39. Ke2 Bc3 40. f6 Rh2+ 41. Kf1 Rh1+ 42. Kf2 Rh2+ 43. Kf1 exf6 44. Rc4 Rh1+ 45. Kf2 Rh2+ 46. Ke3 fxg5 47. Rc7 Bh1 48. Bg6 gxh4 49. Bxh5 Rh3+ 50. Kf4 Bd2+ 51. Kf5 Rg3 52. Ke6 1-0


[Site "https://www.chess.com"]